 Dungeon Crawl Stone Soup version 0.16-a0-129-gbf5829b (webtiles) character file.

24 Ratboiler the Magician (level 2, 27/27 HPs)
             Began as a Troll Wanderer on Aug 13, 2014.
             Quit the game on Level 1 of the Dungeon.
             The game lasted 00:02:58 (958 turns).

Ratboiler the Magician (Troll Wanderer)              Turns: 958, Time: 00:02:59

HP  27/27        AC  5     Str 18      XL: 2   Next: 79%
MP   3/3         EV  9     Int  7      God:
Gold 77          SH  0     Dex 11      Spells:  1 memorised,  4 levels left

rFire  . . .     SeeInvis .     d - +0 club
rCold  . . .     Clarity  .     c - +0 robe
rNeg   . . .     rCorr    .     (shield restricted)
rPois  .         rRot     .     (helmet restricted)
rElec  .         Spirit   .     (no cloak)
SustAb .         Warding  .     (gloves unavailable)
rMut   .         Stasis   .     (boots unavailable)
Gourm  +                        (no amulet)
MR     .....                    (no ring)
                                n - cursed ring of loudness

@: not resistant to hostile enchantments, extremely unstealthy
A: unfitting armour, claws 3, fast metabolism 3, gourmand, regeneration 2,
saprovore 2, shaggy fur 1, tough skin 2
a: no special abilities


You were on level 1 of the Dungeon.
You were not hungry.

You visited 1 branch of the dungeon, and saw 1 of its levels.

You collected 77 gold pieces.

Inventory:

Hand weapons
 d - a +0 club (weapon)
Armour
 c - a +0 robe (worn)
Comestibles
 f - 2 meat rations
 j - a fruit
 l - a bread ration
Scrolls
 i - a scroll of blinking {unknown}
Jewellery
 n - a cursed ring of loudness (left claw)
Potions
 b - 2 potions of lignification
 e - 2 potions of mutation {unknown}
 g - a potion of resistance {unknown}
 h - a potion of flight {unknown}
 k - 2 potions of curing {unknown}
Books
 a - a book of Frost

   Spells                             Type                      Level
   *Freeze                            Ice                          1
   Throw Frost                        Conjuration/Ice              2
   Ozocubu's Armour                   Charms/Ice                   3
   Throw Icicle                       Conjuration/Ice              4
   Summon Ice Beast                   Ice/Summoning                4
   Condensation Shield                Ice                          4


   Skills:
 + Level 1.1 Fighting
 * Level 1.5(2.0) Maces & Flails
   Level 1.5(1.9) Staves
 - Level 1.0 Throwing
 * Level 1.1 Dodging
 - Level 2.0 Spellcasting
 - Level 1.3 Ice Magic
   Level 1.0 Evocations


You had 4 spell levels left.
You knew the following spells:

 Your Spells              Type           Power        Failure   Level  Hunger
a - Freeze                Ice            #...         24%         1    ##.....


Dungeon Overview and Level Annotations

Branches:
Dungeon (1/15)

Altars:


Innate Abilities, Weirdness & Mutations

You are too large for most types of armour.
You have claws for hands.
Your metabolism is lightning-fast.
You like to eat raw meat.
You heal very quickly.
You can eat rotten meat.
You are covered in fur (AC +1).
You have very tough skin (AC +2).


Message History

You kill the goblin!
You now have 77 gold pieces (gained 15).
All of the chunks of flesh in your inventory have rotted away.
You see here a glowing dagger.
k - 2 purple potions The goblin shouts!
The goblin hits something but does no damage.
The goblin hits the plant.
The goblin hits the plant but does no damage.
The goblin hits the plant but does no damage.
The goblin hits the plant.
The goblin hits the plant but does no damage.
The goblin hits the plant but does no damage.
Something hits the plant but does no damage.
There is a stone staircase leading down here.
The hobgoblin shouts!
The hobgoblin is too close now for your liking.
A hobgoblin is nearby!
There is a stone staircase leading down here.
Are you sure you want to abandon this character and quit the game? (Confirm with "yes".)

######### #..>....#####
#.###.......#
#.###.#.###.#
######.##.....##.#
#......##..#..##.#
#.###......#..##.# #.#
##...........# #@#
########.#### #.#
#......# #.# #.##.#.##
#####.########.##.....
####......##......####.##


#PPPPPPPP.PPPPPPPP.....## #PPPPPP.....PPPPPP####### #PPPP..PPPPP..PPPP# #
#PPPgPPP...PPP.PPP# # There were no monsters in sight!

Vanquished Creatures
  2 bats (D:1)
  2 giant cockroaches (D:1)
  3 goblins (D:1)
  A hobgoblin (D:1)
  7 jackals (D:1)
  A kobold (D:1)
  6 rats (D:1)
22 creatures vanquished.

Notes
Turn   | Place    | Note
--------------------------------------------------------------
     0 | D:1      | Ratboiler, the Troll Wanderer, began the quest for the Orb.
     0 | D:1      | Reached XP level 1. HP: 19/19 MP: 3/3
    61 | D:1      | Learned a level 1 spell: Freeze
   205 | D:1      | Reached XP level 2. HP: 27/27 MP: 3/3
   279 | D:1      | Reached skill level 1 in Maces & Flails
   384 | D:1      | Reached skill level 1 in Dodging
   958 | D:1      | Quit the game

Action                   || total
-------------------------++-------
Melee: Club              ||   139
  Use: Scroll            ||     2
  Eat: Chunk             ||    10
